AoeStats
← ING.PATRICK

Arabia

503478264Analyzed
1v1 RM · 1mo ago on Aug 31, 2026· 24m 23s· 2 players
Game mode
Random Map
Map size
Tiny (2 player)
Population
200
Speed
Normal
Resources
Standard
Victory
Conquest
Starting age
Dark Age
Ending age
Imperial Age
RankedLock teamsTeams togetherTeam positionsShared explorationLock speedFull tech treeHidden civsTurbo modeCheats
Victory
Defeat
🇵🇪 Poles · Peru
957
+26
🇦🇷 Britons · Argentina
916
-14
pabloi.arijon
9:41 Feudal Age
11:11 Double-Bit Axe
11:40 Loom
13:44 Fletching
14:45 Padded Archer Armor
ING.PATRICK
6:59 Loom
9:14 Feudal Age
10:51 Double-Bit Axe
11:18 Horse Collar
16:25 Scale Barding Armor
17:25 Bloodlines
18:38 Fletching
20:26 Padded Archer Armor
22:47 Forging
Connection lost

Rejoining the realm…

Still unreachable

The connection could not be restored.

Session expired

The server has moved on; the page needs a fresh start.